Map: Blackpink LE

Players

Erfeyah - Winner!

  • Race: Terran Terran
  • Spawn Location: 1:00

A.I. 1 (Easy)

  • Race: Protoss Protoss
  • Spawn Location: 7:00

VOD

Have the link to the VOD?

Description

Time

  • Played on: Nov. 27, 2017, 4:13 p.m.
  • Length: 14:06
Show
View Real Time Build Order
Export as new Build Order

Erfeyah Terran - Winner!

Build Orders:  

Get SALT Encoding   

  12  0:02  SCV  
  13  0:25  SCV  
  13  0:27  Supply Depot  
  14  0:37  SCV  
  16  0:50  SCV  
  16  1:02  Barracks  
  16  1:06  Refinery  
  16  1:11  SCV  
  17  1:23  SCV  
  18  1:32  Supply Depot  
  18  1:36  SCV  
  19  1:48  SCV  
  20  2:00  SCV  
  21  2:02  Marine  
  22  2:18  Barracks  
  22  2:19  SCV, Marine  
  24  2:31  SCV  
  25  2:38  Supply Depot  
  25  2:40  Marine  
  25  2:43  SCV  
  27  2:58  Marine  
  28  3:03  SCV, Factory  
  29  3:15  SCV, Supply Depot  
  29  3:16  Marine  
  31  3:27  SCV  
  31  3:32  Barracks  
  31  3:33  Marine  
  33  3:38  Marine  
  33  3:40  SCV  
  35  3:51  Marine  
  36  3:56  Marine  
  36  4:02  SCV  
  38  4:09  Marine  
  39  4:13  Marine  
  39  4:14  SCV  
  41  4:35  SCV  
  41  4:38  Marine x3  
  45  4:47  SCV  
  46  4:55  Marine  
  47  5:12  Supply Depot  
  47  5:31  Command Center  
  47  5:34  SCV, Marine x2  
  50  5:42  Marine  
  50  5:46  SCV  
  52  5:51  Marine x2  
  54  5:58  SCV  
  49  6:29  SCV  
  49  6:30  Marine x2  
  49  6:31  Marine  
  53  6:41  SCV  
  54  6:48  Marine x3  
  57  7:06  Marine x3  
  57  7:07  Starport  
  60  7:14  Starport  
  60  7:22  Starport  
  60  7:23  SCV x2  
  60  7:24  Marine x3  
  65  7:35  SCV x2  
  67  7:41  Marine  
  67  7:42  Marine x2  
  70  7:51  Command Center  
  70  8:13  Supply Depot  
  70  8:34  SCV x2, Marine x3  
  70  8:36  Supply Depot  
  70  8:39  Medivac  
  77  8:46  SCV  
  78  8:58  Medivac x2, Marine x3  
  78  8:59  Supply Depot, Refinery  
  85  9:09  Medivac  
  87  9:15  Marine x3  
  90  9:22  Supply Depot, Refinery  
  90  9:28  Medivac x2  
  94  9:33  Marine x3  
  94  9:36  Supply Depot  
  97  9:39  Medivac  
  97  9:45  Supply Depot  
  99  9:51  Marine x3  
  102  9:58  Medivac, Supply Depot  
  104  10:06  Medivac  
  106  10:09  Marine x3  
  106  10:11  Supply Depot  
  109  10:20  Supply Depot  
  108  10:27  Marine x3  
  111  10:34  Supply Depot  
  111  10:43  Supply Depot  
  111  10:44  Marine  
  101  11:27  Marine  
  101  11:28  Marine x2  
  101  11:31  Medivac x3  
  110  11:45  Marine x2  
  110  11:46  Marine  
  113  12:01  Medivac x3  
  114  12:03  Marine x2  
  114  12:04  Marine  
  121  12:21  Marine x3  
  123  12:31  Medivac x3  
  128  12:39  Marine x2  
  126  13:03  Marine x3  
  129  13:08  Medivac x3  
  131  13:21  Marine x3  
  133  13:39  Marine x3  
Show
View Real Time Build Order
Export as new Build Order

A.I. 1 (Easy) Protoss 

Build Orders:  

Get SALT Encoding   

  12  0:00  Probe  
  13  0:13  Probe  
  14  0:20  Pylon  
  14  0:25  Probe  
  15  0:38  Probe  
  16  0:43  Assimilator  
  16  0:51  Gateway  
  16  0:53  Pylon  
  16  1:18  Assimilator  
  16  1:40  Zealot  
  16  1:43  Cybernetics Core  
  16  1:46  Probe  
  19  2:00  Pylon  
  19  2:03  Probe  
  20  2:15  Probe  
  20  2:19  Warp Gate  
  20  2:20  Adept  
  23  2:27  Probe  
  24  2:40  Probe  
  25  2:48  Adept  
  27  2:52  Probe  
  28  3:15  Stalker  
  30  5:33  Sentry, Probe  
  30  5:35  Pylon  
  33  5:53  Probe  
  33  5:54  Robotics Facility  
  33  5:56  Stalker  
  36  5:58  Pylon  
  36  6:05  Probe  
  33  6:19  Stalker  
  31  6:41  Adept  
  31  6:43  Observer  
  31  6:46  Nexus  
  34  7:03  Stalker  
  34  7:05  Observer  
  37  7:26  Sentry  
  39  7:49  Zealot  
  41  7:58  Probe  
  42  8:02  Probe  
  43  8:09  Assimilator  
  43  8:10  Probe  
  43  8:11  Assimilator  
  44  8:14  Probe  
  45  8:22  Probe  
  45  8:26  Probe  
  47  8:34  Probe  
  47  8:38  Probe  
  49  8:46  Probe  
  50  8:50  Probe  
  51  8:58  Probe  
  52  9:03  Probe  
  53  9:10  Probe  
  53  9:15  Probe  
  55  9:22  Probe  
  56  9:27  Probe  
  57  9:35  Probe  
  58  9:39  Probe  
  59  9:47  Probe  
  59  9:51  Probe  
  61  10:13  Warp Prism  
  63  10:14  Stalker  
  63  10:15  Gateway  
  63  10:18  Forge  
  63  10:21  Robotics Bay, Stalker x2  
  65  10:23  Pylon  
  65  10:27  Stargate  
  65  10:44  Pylon  
  65  10:49  Probe, Warp Prism  
  65  10:53  Probe  
  65  10:54  Protoss Ground Weapons Level 1  
  60  11:01  Probe  
  58  11:04  Zealot  
  58  11:05  Gateway, Probe  
  58  11:08  Observer Gravitic Boosters  
  51  11:13  Probe  
  51  11:18  Probe  
  51  11:21  Stalker  
  51  11:25  Probe, Observer  
  55  11:38  Stalker  
  57  11:56  Zealot  
  54  12:02  Probe  
  54  12:05  Gravitic Drive  
  54  12:07  Probe  
  50  12:10  Zealot  
  50  12:14  Probe  
  52  12:22  Pylon  
  44  12:25  Immortal  
  44  12:27  Probe  
  40  12:39  Probe  
  45  12:48  Stargate  
  45  12:51  Probe  
  38  12:53  Zealot  
  34  13:00  Pylon  
  34  13:03  Probe  
  30  13:15  Probe  
  28  13:22  Zealot  
  24  13:27  Probe  
  20  13:39  Probe  
Tags
 
Add a new tag
Caveats
  • Supply blocks, unpowered buildings, or Contaminate may cause inaccurate times.
  • Supply counts are checked every 10 seconds.